 Dungeon Crawl Stone Soup version 0.22-a0-858-g985ef60 (webtiles) character file.

149 nono the Skirmisher (level 5, 0/43 HPs)
             Began as a Barachi Fighter on July 27, 2018.
             Succumbed to a kobold's poison
             ... on level 3 of the Dungeon.
             The game lasted 00:08:15 (1003 turns).

nono the Skirmisher (Barachi Fighter)               Turns: 1003, Time: 00:08:15

Health: 0/43       AC:  9    Str: 22 (23) XL:     5   Next: 31%
Magic:  5/5        EV:  7    Int:  7 (9)  God:
Gold:   164        SH:  9    Dex: 10 (11) Spells: 4/4 levels left

rFire    + . .     SeeInvis .   i - +1 dagger (drain)
rCold    + . .     Gourm    .   c - +0 shield
rNeg     . . .     Faith    .   b - +0 scale mail
rPois    +         Spirit   .   (no helmet)
rElec    +         Reflect  .   (no cloak)
rCorr    +         Harm     .   (no gloves)
MR       .....                  (no boots)
Stlth    ..........             (no amulet)
HPRegen  0.14/turn              k - +2 ring of protection
MPRegen  0.09/turn              (no ring)

@: mighty, lethally poisoned (0 -> -6), resistant, slow
A: +LOS, swims, slowness 1, strong legs 1
a: Hop


You were on level 3 of the Dungeon.
You were not hungry.

You visited 1 branch of the dungeon, and saw 3 of its levels.

You collected 164 gold pieces.

Inventory:

Hand Weapons
 a - a +0 long sword
 i - a +1 dagger of draining (weapon)
Armour
 b - a +0 scale mail (worn)
 c - a +0 shield (worn)
Jewellery
 k - a +2 ring of protection (left hand)
 o - an uncursed ring of fire
Scrolls
 e - 3 scrolls of magic mapping {unknown}
 g - 3 scrolls of amnesia {unknown}
 h - 2 scrolls of identify {unknown}
 j - 2 scrolls of teleportation {unknown}
 m - a scroll of blinking {unknown}
 n - 2 scrolls of fear {unknown}
 s - a scroll of enchant armour {unknown}
 t - a scroll of fog {unknown}
Potions
 l - a potion of degeneration
Comestibles
 f - 6 rations


   Skills:
 + Level 4.7 Fighting
 + Level 3.7 Long Blades
 + Level 4.7 Armour
 + Level 4.2 Shields


You had 4 spell levels left.
You didn't know any spells.
Your spell library was empty.

Dungeon Overview and Level Annotations

Branches:
Dungeon (3/15)

Altars:
Xom


Innate Abilities, Weirdness & Mutations

Shadows flee at your approach. (+LOS)
You can swim through water.
You cover ground slowly.
You can hop short distances.


Message History

It was a potion of resistance.
You feel protected.
* * * LOW HITPOINT WARNING * * *
You feel sick. You block the kobold's attack. You block the goblin's attack.
It was a potion of cancellation.
Your magical effects are unravelling.
You feel magically purged.
Your resistance to elements expires.
* * * LOW HITPOINT WARNING * * *
You feel sick. You block the kobold's attack.
The goblin hits you but does no damage.
It was a potion of magic.
Magic courses through your body.
* * * LOW HITPOINT WARNING * * *
You feel sick. The kobold barely misses you. The goblin barely misses you.
You feel very mighty all of a sudden.
* * * LOW HITPOINT WARNING * * *
You feel sick. The kobold completely misses you.
The goblin hits you but does no damage.
You feel protected.
You die...

##.### ##.#..... ##.# #.#
..... #..# ##.# ...# #)##
.....##..## .
#.#####...#.# #..# ..
..##....#.#.# .# ....
.....# #.#.# .##.....
.....## #.#.#####K.......
......# #...##((@go......
......###<.##((#####..$..
......รท....((.## ..
...............#
......#........#
.....##........#
......#........#
......########## ......#


You could see an orc, a goblin and a kobold.

Vanquished Creatures
  Natasha (thrice) (D:2)
  An orc wizard (D:3)
  A worm (D:3)
  A dart slug (D:2)
  3 leopard geckos
  2 orcs (D:3)
  A giant cockroach (D:3)
  5 goblins
  5 hobgoblins
  3 bats
  A frilled lizard (D:1)
  11 kobolds
  4 rats (D:3)
41 creatures vanquished.

Notes
Turn   | Place    | Note
-------+----------+-------------------------------------------
     0 | D:1      | nono the Barachi Fighter began the quest for the Orb.
     0 | D:1      | Reached XP level 1. HP: 18/18 MP: 1/1
    82 | D:1      | Reached XP level 2. HP: 25/25 MP: 2/2
   318 | D:2      | Noticed Natasha
   331 | D:2      | Killed Natasha
   331 | D:2      | Reached XP level 3. HP: 20/30 MP: 3/3
   391 | D:2      | Noticed Natasha
   397 | D:2      | Killed Natasha
   397 | D:2      | Reached XP level 4. HP: 30/37 MP: 4/4
   512 | D:2      | Noticed Natasha
   526 | D:2      | Killed Natasha
   855 | D:3      | Found a shimmering altar of Xom.
   887 | D:3      | Reached XP level 5. HP: 33/43 MP: 5/5
  1001 | D:3      | HP: 2/43 [poisoned by a kobold]
  1003 | D:3      | Succumbed to a kobold's poison

Vault maps used:
D:1:      dpeg_arrival_three_same_balls
D:2:      serial_forest, infiniplex_forest_clump_cross,
          infiniplex_forest_end_double, infiniplex_forest_clump_cross,
          infiniplex_forest_clump_long, infiniplex_forest_lined_3,
          infiniplex_forest_clump_small, infiniplex_forest_straight_5,
          infiniplex_forest_lined_corner, uniq_natasha
D:3:      lemuel_tele_altar

Skill      XL: |  1  2  3  4 |
---------------+-------------+-----
Fighting       | 4 |  4.7
Long Blades    | 3 |  3.7
Armour         | 4 |  4.7
Shields        | 4 |  4.2

Action                   |  1- 3 |  4- 6 || total
-------------------------+-------+-------++-------
Melee: Long sword        |    14 |       ||    14
       Dagger            |    27 |    94 ||   121
  Use: Potion            |       |     6 ||     6
  Eat: Chunk             |       |     1 ||     1
Armor: Scale mail        |    18 |    76 ||    94
Dodge: Dodged            |    10 |    50 ||    60
Block: Shield            |    10 |    71 ||    81
       Rpst.: Long sword |     1 |       ||     1

Table legend:
 A = Spawn XP
 B = Non-spawn XP
 C = Spawn XP percentage of total XP
 D = Spawn monster count
 E = Non-spawn monster count
 F = Spawn count percentage of total count
 G = Total turns spent on level
                    A         B        C        D         E        F      G
               +---------+---------+-------+---------+---------+-------+---------
         Total |       0 |     214 |   0.0 |       0 |      41 |   0.0 |  1003
               +---------+---------+-------+---------+---------+-------+---------
           D:1 |       0 |      15 |   0.0 |       0 |       7 |   0.0 |   294
           D:2 |       0 |     122 |   0.0 |       0 |      11 |   0.0 |   419
           D:3 |       0 |      77 |   0.0 |       0 |      23 |   0.0 |   290
               +---------+---------+-------+---------+---------+-------+---------
